 Dungeon Crawl Stone Soup version 0.24-a0-446-g87df7205b4 (webtiles) character file.

Game seed: 7462813504850044892

27554 JellyEater the Geomancer (level 13, -48/78 HPs)
             Began as a Gargoyle Earth Elementalist on June 23, 2019.
             Was a High Priest of Vehumet.
             Annihilated by a very large slime creature (54 damage)
             ... on level 13 of the Dungeon.
             The game lasted 00:41:17 (16263 turns).

JellyEater the Geomancer (GrEE)                    Turns: 16263, Time: 00:41:18

Health: -48/78     AC: 24    Str: 13    XL:     13   Next: 33%
Magic:  29/34      EV: 14    Int: 20    God:    Vehumet [*****.]
Gold:   661        SH:  0    Dex: 10    Spells: 8/28 levels left

rFire    . . .     SeeInvis +   i - +2 demon whip (flame)
rCold    . . .     Gourm    .   (no shield)
rNeg     + + .     Faith    .   p - +2 robe {rN+}
rPois    ∞         Spirit   .   h - +0 helmet {SInv}
rElec    +         Reflect  .   o - +2 cloak {+Inv}
rCorr    .         Harm     .   (no gloves)
MR       +....                  (no boots)
Stlth    ++........             (no amulet)
HPRegen  0.23/turn              C - ring of magical power
MPRegen  0.24/turn              z - +6 ring of protection

@: no status effects
A: magic resistance 1, negative energy resistance 1, electricity resistance,
unbreathing, petrification resistance, rot immunity, MP-powered wands, AC +9
a: Renounce Religion, Evoke Invisibility


You were on level 13 of the Dungeon.
You worshipped Vehumet.
Vehumet was extremely pleased with you.
You were not hungry.

You visited 2 branches of the dungeon, and saw 14 of its levels.
You also visited: Gauntlet.

You collected 661 gold pieces.

Inventory:

Hand Weapons
 i - a +2 demon whip of flaming (weapon)
Missiles
 b - 116 stones (quivered)
 n - 2 throwing nets
Armour
 h - a +0 helmet of see invisible (worn)
 o - a +2 cloak of invisibility (worn)
 p - a +2 robe of positive energy (worn)
 D - a +0 robe of the Archmagi
 J - the +3 buckler of the Cuttlefish {*Contam rC+ Slay+2 SInv}
   (You took it off a minotaur in a Gauntlet)

   It affects your accuracy and damage with ranged weapons and melee attacks
   (+2).
   It protects you from cold.
   It lets you see invisible.
   It causes magical contamination when unequipped.
Jewellery
 z - a +6 ring of protection (right hand)
 C - a ring of magical power (left hand)
 F - an uncursed ring of protection from cold
 G - an uncursed ring of flight
 I - the ring of Aco Tel {*Tele Int+4 Stlth+}
   (You found it in a Gauntlet)

   [ring of teleportation]

   It may teleport you next to monsters.
   It affects your intelligence (+4).
   It makes you more stealthy.
Wands
 a - a wand of polymorph (16)
 c - a wand of enslavement (8)
 l - a wand of flame (6)
 u - a wand of paralysis (32)
 E - a wand of digging (5)
Scrolls
 e - 4 scrolls of remove curse
 f - 4 scrolls of magic mapping
 g - 5 scrolls of teleportation
 m - a scroll of identify
 r - 4 scrolls of immolation
 A - 4 scrolls of amnesia
Potions
 j - 4 potions of brilliance
 k - a potion of magic
 s - a potion of mutation
 t - 2 potions of lignification
 x - a potion of berserk rage
 B - a potion of might
Comestibles
 d - 14 rations


   Skills:
 + Level 8.1 Fighting
 + Level 7.4 Maces & Flails
 - Level 6.0 Armour
 + Level 6.5 Dodging
 - Level 2.1 Stealth
 + Level 2.5 Shields
 + Level 8.3 Spellcasting
 + Level 9.1 Conjurations
   Level 0.7 Transmutations
 * Level 5.4 Fire Magic
 + Level 11.0 Earth Magic
 - Level 6.0 Evocations


You had 8 spell levels left.
You knew the following spells:

 Your Spells              Type           Power        Failure   Level  Hunger
a - Sandblast             Erth           ######       1%          1    None
b - Stone Arrow           Conj/Erth      #####.       1%          3    None
c - Lee's Rapid Deconstr  Erth           ######....   1%          5    #####..
d - Fireball              Conj/Fire      #####.....   3%          5    #####..
e - Iron Shot             Conj/Erth      #####.....   5%          6    ######.

Your spell library contained the following spells:

 Spells                   Type           Power        Failure   Level  Hunger
 Shock                    Conj/Air       ####         1%          1    None
 Sting                    Conj/Pois      ####         1%          1    None
 Passwall                 Tmut/Erth      ####....     1%          2    None
 Static Discharge         Conj/Air       ####....     1%          3    None
 Petrify                  Tmut/Erth      ####....     8%          4    ###....
 Apportation              Tloc           #.....       9%          1    None
 Lightning Bolt           Conj/Air       ####......   10%         5    #####..
 Poisonous Vapours        Pois/Air       #.....       12%         2    None
 Shroud of Golubria       Chrm/Tloc      #.....       12%         2    None
 Swiftness                Chrm/Air       #.......     12%         2    None
 Airstrike                Air            #.........   21%         4    ###....
 Lesser Beckoning         Tloc           #.........   24%         3    None
 Summon Forest            Summ/Tloc      #.........   92%         5    #####..
 Dispersal                Tloc           #.........   100%        6    ######.


Dungeon Overview and Level Annotations

Branches:
Dungeon (13/15)            Temple (1/1) D:7            Lair (0/6) D:8
    Orc (0/2) D:10
 Vaults: D:13-14

Altars:
Cheibriados
Elyvilon
Hepliaklqana
Kikubaaqudgha
Makhleb
Okawaru
Sif Muna
Trog
Uskayaw
Vehumet
Xom
Yredelemnul
The Shining One

Shops:
D:7 (

Annotations:
D:3 2 transporters, Conn's ghost, amateur OpCj
D:4 pljop's ghost, amateur OgWz


Innate Abilities, Weirdness & Mutations

You are resistant to torment.
Your stone body is resilient. (AC +9)
You are immune to poison.
You resist negative energy. (rN+)
You are resistant to electric shocks. (rElec)
You can survive without breathing.
You are immune to petrification.
You are immune to rotting.
You are resistant to hostile enchantments. (MR+)
You expend magic power (3 MP) to strengthen your wands.


Message History

Confirm with . or Enter, or press ? or * to list all spells.
Aiming: Sandblast (safe; 1% risk of failure)
Press: ? - help, Shift-Dir - straight line, f/p - very large slime creature
Aim: a very large slime creature (heavily wounded)
The blast of sand hits the very large slime creature!
The very large slime creature is heavily wounded.
b - 117 stones The very large slime creature hits you!
* * * LOW HITPOINT WARNING * * *
Casting: Sandblast (safe; 1% risk of failure)
Confirm with . or Enter, or press ? or * to list all spells.
Aiming: Sandblast (safe; 1% risk of failure)
Press: ? - help, Shift-Dir - straight line, f/p - very large slime creature
Aim: a very large slime creature (heavily wounded)
The blast of sand hits the very large slime creature!!
The very large slime creature is severely wounded.
b - 116 stones The very large slime creature hits you!!!
Ouch! That really hurt!
You die...

#.# *,* #. #.# *.#
#. #.# *.# #, #.#
*.# *, #.#####.# *,
#.##....#####*****,
#.##.........,,,,,,
#.##..(.#**********
#(@J..#.# ####....#
#.#### #.#
########## #)#
#......... #.#
#.######## *#.#*
#.## ***...** #..#
*,,,,,,* ##.#


You could see a very large slime creature.

Vanquished Creatures
  A minotaur (Gauntlet)
  Erolcha (D:11)
  Erica (D:8)
  A centaur warrior (D:13)
  3 tengu warriors (D:13)
  A two-headed ogre (D:12)
  An unseen horror (D:10)
  A death drake (Gauntlet)
  4 cyclopes
  2 ugly things
  A manticore (D:11)
  A rust devil (Gauntlet)
  Psyche (D:11)
  A gargoyle (D:12)
  A tengu conjurer (D:13)
  A troll (shapeshifter) (D:11)
  4 trolls
  3 meliai (D:13)
  Prince Ribbit (D:8)
  A hornet (D:11)
  2 hippogriffs
  A meliai zombie (Gauntlet)
  6 slime creatures (D:13)
  Sigmund (D:2)
  2 shadows
  34 yaks
  A wraith (D:13)
  2 ynoxinuls (Gauntlet)
  A wyvern (D:10)
  Grum (D:8)
  3 hungry ghosts
  4 wargs
  A soldier ant (D:13)
  Duvessa (D:7)
  A sky beast (D:11)
  6 orc warriors
  2 phantoms
  An eye of draining (D:13)
  3 ice beasts
  7 centaurs
  5 ogres
  2 wolves (D:8)
  7 bullfrogs
  A big kobold (D:7)
  A gnoll sergeant (D:8)
  2 scorpions
  A wyvern skeleton (D:10)
  Dowan (D:7)
  6 howler monkeys
  11 wights
  3 electric eels (D:11)
  4 jellies
  4 crimson imps
  3 centaur zombies
  6 hounds
  A quasit (D:13)
  Crazy Yiuf (D:2)
  8 orc priests
  6 iron imps (Gauntlet)
  15 orc wizards
  3 bullfrog skeletons
  A centaur skeleton (D:11)
  Terence (D:2)
  6 iguanas
  5 worker ants
  5 hound skeletons
  A howler monkey zombie (D:5)
  A worker ant zombie (D:6)
  9 gnolls
  19 adders
  A shadow imp (D:7)
  3 oozes (D:1)
  2 adder zombies
  2 adder skeletons
  2 worms
  2 dart slugs
  6 leopard geckos
  40 orcs
  5 bats
  3 goblins
  3 hobgoblins
  10 jackals
  7 quokkas
  2 ball pythons
  A frilled lizard (D:5)
  A jackal zombie (D:5)
  16 kobolds
  A leopard gecko skeleton (D:4)
  5 rats
362 creatures vanquished.

Vanquished Creatures (others)
  2 withered plants (Gauntlet)
2 creatures vanquished.

Grand Total: 364 creatures vanquished

Notes
Turn   | Place    | Note
-------+----------+-------------------------------------------
     0 | D:1      | JellyEater the Gargoyle Earth Elementalist began the quest
                  | for the Orb.
     0 | D:1      | Reached XP level 1. HP: 10/10 MP: 3/3
   119 | D:1      | Found a shimmering altar of Xom.
   149 | D:1      | Reached XP level 2. HP: 12/15 MP: 5/5
   150 | D:1      | Reached skill level 4 in Earth Magic
   718 | D:1      | Reached XP level 3. HP: 6/19 MP: 4/7
   939 | D:1      | Learned a level 3 spell: Stone Arrow
   953 | D:2      | Reached XP level 4. HP: 20/24 MP: 1/8
  1104 | D:2      | Noticed Sigmund
  1129 | D:2      | Killed Sigmund
  1129 | D:2      | Reached skill level 5 in Earth Magic
  1129 | D:2      | Reached XP level 5. HP: 20/28 MP: 1/10
  1129 | D:2      | Reached XP level 6. HP: 23/32 MP: 1/11
  1581 | D:2      | Found a runed translucent door.
  1582 | D:2      | Noticed Crazy Yiuf
  1586 | D:2      | Paralysed by Crazy Yiuf for 7 turns
  1630 | D:2      | Killed Crazy Yiuf
  1922 | D:2      | Noticed Terence
  1966 | D:2      | Killed Terence
  1966 | D:2      | Reached skill level 6 in Earth Magic
  1997 | D:2      | Gained mutation: You expend magic power (3 MP) to
                  | strengthen your wands. [potion of mutation]
  1997 | D:2      | Gained mutation: You are resistant to hostile enchantments.
                  | (MR+) [potion of mutation]
  2294 | D:3      | Found a transporter.
  2297 | D:3      | Noticed Conn's ghost (amateur OpCj)
  2320 | D:3      | Found a transporter.
  3062 | D:3      | Learned a level 5 spell: Lee's Rapid Deconstruction
  3213 | D:4      | Found a transporter.
  3213 | D:4      | Noticed pljop's ghost (amateur OgWz)
  3233 | D:4      | Found a transporter.
  3404 | D:4      | Reached XP level 7. HP: 36/36 MP: 5/13
  3521 | D:4      | Found a bloodstained altar of Trog.
  4062 | D:5      | Entered Level 5 of the Dungeon
  4138 | D:5      | Found an iron altar of Okawaru.
  4340 | D:5      | Reached skill level 1 in Fighting
  4340 | D:5      | Reached skill level 1 in Armour
  4348 | D:5      | Found a white marble altar of Elyvilon.
  4487 | D:5      | Reached skill level 1 in Maces & Flails
  4528 | D:5      | Reached skill level 7 in Earth Magic
  4528 | D:5      | Reached XP level 8. HP: 43/43 MP: 15/15
  4804 | D:6      | Reached skill level 1 in Evocations
  5103 | D:6      | Found a basalt altar of Yredelemnul.
  5103 | D:6      | Found a burning altar of Makhleb.
  5103 | D:6      | Found an ancient bone altar of Kikubaaqudgha.
  5197 | D:6      | Reached skill level 5 in Spellcasting
  5481 | D:7      | Found a staircase to the Ecumenical Temple.
  5493 | Temple   | Entered the Ecumenical Temple
  5532 | Temple   | Became a worshipper of Vehumet
  5765 | D:7      | Reached skill level 5 in Conjurations
  5773 | D:7      | Reached XP level 9. HP: 23/49 MP: 11/16
  6190 | D:7      | Noticed Dowan
  6201 | D:7      | Noticed Duvessa
  6211 | D:7      | Killed Dowan
  6716 | D:7      | Reached * piety under Vehumet
  6716 | D:7      | Offered knowledge of Magic Dart by Vehumet.
  6771 | D:7      | Found Gotiwil's Antique Weapon Boutique.
  6856 | D:7      | Killed Duvessa
  6979 | D:7      | Reached skill level 8 in Earth Magic
  7621 | D:8      | Noticed Erica
  7633 | D:8      | Noticed Grum
  7642 | D:8      | Killed Grum
  7642 | D:8      | Reached XP level 10. HP: 28/56 MP: 0/18
  7646 | D:8      | Killed Erica
  7891 | D:8      | Offered knowledge of Freeze by Vehumet.
  7925 | D:8      | Reached ** piety under Vehumet
  7952 | D:8      | Noticed Prince Ribbit
  7957 | D:8      | Killed Prince Ribbit
  8000 | D:8      | Found a staircase to the Lair.
  9017 | D:9      | Reached skill level 5 in Armour
  9019 | D:9      | Reached skill level 5 in Fighting
  9311 | D:9      | Found a snail-covered altar of Cheibriados.
  9389 | D:9      | Noticed a cyclops
  9395 | D:9      | Killed a cyclops
  9395 | D:9      | Reached skill level 9 in Earth Magic
  9649 | D:9      | Reached XP level 11. HP: 64/64 MP: 20/20
  9772 | D:10     | Entered Level 10 of the Dungeon
  9870 | D:10     | Offered knowledge of Ignite Poison by Vehumet.
 10019 | D:10     | Found a staircase to the Orcish Mines.
 10066 | D:10     | Reached *** piety under Vehumet
 10077 | D:10     | Reached skill level 5 in Maces & Flails
 10422 | D:10     | Killed an unseen horror
 10893 | D:11     | Noticed Erolcha
 10900 | D:11     | Killed Erolcha
 11139 | D:11     | Noticed a manticore
 11159 | D:11     | Killed a manticore
 11159 | D:11     | Reached skill level 5 in Dodging
 11242 | D:11     | Reached skill level 5 in Evocations
 11275 | D:11     | Offered knowledge of Throw Icicle by Vehumet.
 11432 | D:11     | Noticed Psyche
 11434 | D:11     | Noticed a cyan ugly thing
 11444 | D:11     | Killed Psyche
 11446 | D:11     | Killed a cyan ugly thing
 11691 | D:11     | Reached **** piety under Vehumet
 12443 | D:12     | Noticed a two-headed ogre
 12448 | D:12     | Killed a two-headed ogre
 12448 | D:12     | Reached skill level 10 in Earth Magic
 12448 | D:12     | Reached XP level 12. HP: 71/71 MP: 23/23
 12517 | D:12     | Offered knowledge of Fireball by Vehumet.
 12528 | D:12     | Learned a level 5 spell: Fireball
 12672 | D:12     | Reached skill level 1 in Fire Magic
 13733 | D:13     | Reached ***** piety under Vehumet
 13767 | D:13     | Offered knowledge of Iron Shot by Vehumet.
 13775 | D:13     | Learned a level 6 spell: Iron Shot
 13800 | D:13     | Found a gate leading to a gauntlet.
 13833 | Gauntlet | Entered a Gauntlet
 13833 | Gauntlet | Found a transporter.
 13833 | Gauntlet | Found a transporter.
 13833 | Gauntlet | Found a transporter.
 13833 | Gauntlet | Found a runed translucent gate.
 13974 | Gauntlet | Found a transporter.
 13975 | Gauntlet | Found a transporter.
 13976 | Gauntlet | Found a runed translucent gate.
 13977 | Gauntlet | Found a runed translucent gate.
 13978 | Gauntlet | Found a transporter.
 13985 | Gauntlet | Found a transporter.
 13987 | Gauntlet | Found a transporter.
 13989 | Gauntlet | Found a transporter.
 13989 | Gauntlet | Found a transporter.
 13997 | Gauntlet | Found a transporter.
 14002 | Gauntlet | Found a transporter.
 14338 | Gauntlet | Got a heavily runed turquoise ring
 14340 | Gauntlet | Identified the ring of Aco Tel {*Tele Int+4 Stlth+} (You
                  | found it in a Gauntlet)
 14494 | Gauntlet | Identified the +3 buckler of the Cuttlefish {*Contam rC+
                  | Slay+2 SInv}
 14494 | Gauntlet | Noticed a minotaur
 14514 | Gauntlet | Killed a minotaur
 14740 | Gauntlet | Identified Urym's Compendium of Quantum Envenoming
 14903 | D:13     | Reached skill level 1 in Shields
 15104 | D:13     | Reached XP level 13. HP: 74/78 MP: 25/25
 15401 | D:13     | Reached skill level 5 in Fire Magic
 15758 | D:13     | Reached skill level 11 in Earth Magic
 16263 | D:13     | Annihilated by a very large slime creature

Levels and vault maps discovered:
D:1:      tarquinn_simple_flora_water_f, layout_rooms, xom_teletrap_fun
D:2:      layout_rooms, uniq_terence, uniq_crazy_yiuf_cottage, uniq_sigmund
D:3:      layout_basic, gammafunk_ghost_arena
D:4:      layout_gridville, first_ration, gammafunk_ghost_mausoleum, bloody_trog
D:5:      layout_gridville, elyvilon_altar_5, okawaru_trees_2
D:6:      layout_cave_pools, gammafunk_temple_overflow_claw,
          hangedman_decor_peaks_small
D:7:      layout_loops_corners, minmay_temple_entry_junction_2, serial_shops,
          shop, uniq_duvessa
D:8:      layout_loops_ring, erik_lair_orcish_takeover, uniq_erica, uniq_grum,
          uniq_prince_ribbit1
D:9:      layout_stronghold, old_standard_altar
D:10:     layout_basic, erik_orc_4
D:11:     layout_basic, uniq_psyche, uniq_erolcha
D:12:     layout_irregular_city, grunt_pizzeria
D:13:     layout_loops_ring, gauntlet_entry_generic
Temple:   minmay_crystal_spiral_temple

Skill      XL: |  1  2  3  4  5  6  7  8  9 10 11 12 13 |
---------------+----------------------------------------+-----
Earth Magic    | 4 5 6 7 8 9 10 11 | 11.0
Spellcasting   | 3 4 5 6 7 8 |  8.3
Conjurations   | 2 3 4 5 6 8 9 |  9.1
Fighting       | 1 2 4 5 6 7 8 |  8.1
Armour         | 1 2 4 5 6 |  6.0
Maces & Flails | 1 2 3 4 6 7 |  7.4
Dodging        | 2 3 4 5 6 |  6.5
Evocations     | 2 3 4 5 6 |  6.0
Fire Magic     | 4 5 |  5.4
Shields        | 1 2 |  2.5
Stealth        | |  2.1
Transmutations | |  0.7

Action                   |  1- 3 |  4- 6 |  7- 9 | 10-12 | 13-15 || total
-------------------------+-------+-------+-------+-------+-------++-------
Melee: Short sword       |    32 |    28 |       |       |       ||    60
       Spear             |       |   135 |   197 |       |       ||   332
       Dagger            |       |       |    15 |       |       ||    15
       Whip              |       |       |    31 |    34 |       ||    65
       Demon whip        |       |       |       |   599 |    76 ||   675
 Cast: Sandblast         |    21 |    26 |    87 |   104 |    29 ||   267
       Stone Arrow       |       |     6 |     8 |    21 |       ||    35
       Lee's Rapid Decon |       |       |    10 |    34 |    12 ||    56
       Fireball          |       |       |       |     5 |       ||     5
       Iron Shot         |       |       |       |     1 |       ||     1
 Abil: Evoke Invisibilit |       |       |       |     2 |       ||     2
Evoke: Wand              |       |       |     4 |    10 |       ||    14
  Use: Potion            |     2 |     2 |     5 |     6 |     1 ||    16
       Scroll            |       |    14 |     7 |     7 |       ||    28
 Stab: Sleeping          |       |     4 |     4 |     6 |       ||    14
       Distracted        |       |     1 |     1 |       |       ||     2
       Paralysed         |       |       |       |     9 |       ||     9
       Invisible         |       |       |       |     2 |       ||     2
  Eat: Chunk             |       |     8 |    11 |    28 |     3 ||    50
       Ration            |       |       |     2 |     3 |     1 ||     6
Armor: Robe              |    30 |    68 |   108 |   240 |    66 ||   512
Dodge: Dodged            |    29 |   111 |   231 |   403 |    49 ||   823

Table legend:
 A = Non-vault XP
 B = Vault XP
 C = Vault XP percentage of total XP
 D = Non-vault monster count
 E = Vault monster count
 F = Vault count percentage of total count
                 A         B        C        D         E       F
            +---------+---------+-------+---------+---------+-------
      Total |   30505 |    8859 |  22.5 |     313 |      49 |  13.5
            +---------+---------+-------+---------+---------+-------
        D:1 |      67 |       0 |   0.0 |      12 |       0 |   0.0
        D:2 |     103 |     309 |  75.0 |      21 |       3 |  12.5
        D:3 |     104 |       0 |   0.0 |      24 |       0 |   0.0
        D:4 |     251 |      47 |  15.8 |      14 |       1 |   6.7
        D:5 |     328 |       0 |   0.0 |      11 |       0 |   0.0
        D:6 |     638 |       0 |   0.0 |      12 |       0 |   0.0
        D:7 |    1509 |     211 |  12.3 |      29 |       2 |   6.5
        D:8 |    1053 |    2324 |  68.8 |      35 |      13 |  27.1
        D:9 |    2294 |       0 |   0.0 |      14 |       0 |   0.0
       D:10 |    1422 |     516 |  26.6 |      16 |      14 |  46.7
       D:11 |    5516 |    1487 |  21.2 |      44 |       2 |   4.3
       D:12 |    6424 |     137 |   2.1 |      39 |       1 |   2.5
       D:13 |   10796 |       0 |   0.0 |      42 |       0 |   0.0
   Gauntlet |       0 |    3828 | 100.0 |       0 |      13 | 100.0
            +---------+---------+-------+---------+---------+-------
